 Dungeon Crawl Stone Soup version 0.30-a0-1093-gcfb1e0cf12 (webtiles) character file.

Game seed: 6457228969888803280

11382 Anamonty the Covert (level 11, 0/71 (80) HPs)
             Began as a Vampire Enchanter on Apr 17, 2023.
             Was an Initiate of Gozag.
             Slain by a spectral orc
             ... wielding a +2 trident of freezing
             ... summoned by Nergalle
              (7 damage)
             ... on level 10 of the Dungeon.
             The game lasted 00:19:38 (10574 turns).

Anamonty the Covert (Vampire Enchanter)            Turns: 10574, Time: 00:19:40

HP:   0/71 (80)     AC:  6    Str:  7    XL:     11   Next: 48%
MP:   19/20         EV: 16    Int: 19    God:    Gozag
Gold: 1663          SH:  0    Dex: 18    Spells: 14/22 levels left

rFire   . . .      SeeInvis +    o - +4 dagger (elec)
rCold   . . .      Faith    .    (no shield)
rNeg    . . .      Spirit   .    d - +2 robe {Archmagi}
rPois   .          Reflect  .    n - +0 helmet
rElec   .          Rampage  .    (no cloak)
rCorr   .          Archmagi +    (no gloves)
Will    +....                    H - +0 pair of boots
Stlth   ++++++                   s - amulet of regeneration
HPRegen 1.31/turn                (no ring)
MPRegen 0.17/turn                (no ring)

@: gold aura, healing quickly, heavily drained, invisible
A: alive, fangs 3, see invisible, vampiric 2
a: Exsanguinate, Renounce Religion, Potion Petition, Call Merchant, Bribe Branch


You were on level 10 of the Dungeon.
You worshipped Gozag.
Gozag was most pleased with you.
You visited 2 branches of the dungeon, and saw 11 of its levels.
You also visited: Bailey.

You collected 1762 gold pieces.
You paid 99 gold pieces to Gozag.

Inventory:

Hand Weapons
 a - a +1 dagger
 o - a +4 dagger of electrocution (weapon)
Missiles
 G - a throwing net (quivered)
Armour
 d - a +2 robe of the Archmagi (worn)
 n - a +0 helmet (worn)
 H - a +0 pair of boots (worn)
Jewellery
 p - an amulet of the acrobat
 s - an amulet of regeneration (around neck)
 E - a ring of willpower
Wands
 w - a wand of mindburst (20)
 x - a wand of polymorph (11)
 y - a wand of charming (19)
Scrolls
 e - 2 scrolls of blinking {unknown}
 f - 3 scrolls of magic mapping
 j - 3 scrolls of teleportation
 k - a scroll of torment
 r - a scroll of fear {unknown}
 t - a scroll of summoning
 C - a scroll of immolation {unknown}
Potions
 c - 2 potions of invisibility
 g - a potion of berserk rage
 h - 3 potions of curing
 i - 2 potions of lignification
 l - 3 potions of brilliance
 m - 2 potions of flight
 q - 2 potions of magic
 u - a potion of attraction {unknown}
 z - 2 potions of degeneration {unknown}
 A - a potion of cancellation
 B - 2 potions of mutation {unknown}
 D - a potion of resistance {unknown}
 F - a potion of ambrosia {unknown}


   Skills:
 + Level 5.6 Fighting
 + Level 7.1 Short Blades
 + Level 7.4 Dodging
 * Level 14.8 Stealth
 + Level 6.3 Spellcasting
 * Level 13.7 Hexes


You had 14 spell levels left.
You knew the following spells:

 Your Spells              Type           Power      Damage    Failure   Level
a - Ensorcelled Hibernat  Hex/Ice        96%        N/A       1%          2
b - Tukima's Dance        Hex            72%        N/A       1%          3
c - Confusing Touch       Hex            72%        N/A       1%          3

Your spell library contained the following spells:

 Spells                   Type           Power      Damage    Failure   Level
 Dazzling Flash           Conj/Hex       96%        N/A       1%          3
 Apportation              Tloc           18%        N/A       11%         1
 Alistair's Intoxication  Tmut/Pois      6%         N/A       96%         5


Dungeon Overview and Level Annotations

Branches:
Dungeon (10/15)            Temple (1/1) D:6          Bailey (visited)
   Lair: D:8-11         Orc: D:9-12

Altars:
Ashenzari
Cheibriados
Dithmenos
Fedhas
Gozag
Hepliaklqana
Kikubaaqudgha
Makhleb
Nemelex Xobeh
Okawaru
Qazlal
Ru
Sif Muna
Trog
Uskayaw
Vehumet
Wu Jian
Xom
Yredelemnul

Annotations:
D:10 Nergalle


Innate Abilities, Weirdness & Mutations

Your natural rate of healing is accelerated.
You have razor-sharp teeth.
You have supernaturally acute eyesight. (SInv)
You are afflicted with vampirism and can become a bat while bloodless.


Message History

You spit the yak like a pig!!! Lightning courses through the yak!!
You kill the yak!
Nergalle barely misses you. The spectral orc closely misses you.
The spectral orc knight hits you with a +1 long sword.
* * * LOW HITPOINT WARNING * * *
You feel drained.
* * * LOW HITPOINT WARNING * * *
The spectral orc warrior barely misses you.
As you read the scroll labelled FATEIK PAHIKOSM, it crumbles to dust.
Wisps of shadow whirl around you...
It was a scroll of summoning.
Nergalle points at you and mumbles some strange words.
Orcish apparitions take form around you.
The spectral orc closely misses you.
The spectral orc knight hits you with a +1 long sword!
* * * LOW HITPOINT WARNING * * *
You feel drained.
* * * LOW HITPOINT WARNING * * *
The spectral orc warrior hits you but does no damage.
You feel much better.
Your centaur hits the spectral orc knight but does no damage.
Your centaur kicks the spectral orc knight but does no damage.
Your centaur barely misses Nergalle. x2; Nergalle hits you with a +0 dagger.
The spectral orc completely misses you.
The spectral orc knight hits you with a +1 long sword!!
* * * LOW HITPOINT WARNING * * *
The spectral orc warrior misses you.
The spectral orc completely misses your centaur.
The spectral orc warrior barely misses your vampire.
Your vampire hits the spectral orc knight but does no damage.
Your vampire bites the spectral orc knight.
Your yak barely misses the spectral orc.
You swap places.
Your centaur hits the spectral orc knight.
Your centaur kicks the spectral orc knight but does no damage.
Your centaur closely misses Nergalle.
Your centaur kicks Nergalle but does no damage.
Nergalle hits your vampire but does no damage.
The spectral orc hits you from afar with a +2 trident of freezing!
You die...
Your body crumbles into a pile of gold.

#.#####.##.# .....
###.#####....###....
#..[#.............###
#.................##.
#.Y.#..............#.
#...#......##........
#...#......##..#...##
#.YZ#c.....#...#....#
#.ZZ@ZZ....#[.###.###
######Y##V##....#......#
#...Z..##o##....'.##.###
##
#......##c#.....####.#
.. #....oZ.....##### #.#
#.###......##......# ###
.##.......Y..##......#
..........[..##......#
##...#.....#........#


You could see Nergalle (ally target), 2 spectral orcs, 2 spectral orc warriors,
a spectral orc knight (summoned, ally target), 3 friendly yaks, a friendly
vampire (summoned) and 2 friendly centaurs.

Vanquished Creatures
  2 two-headed ogres
  3 centaur zombies (D:9)
  3 centaur skeletons (D:9)
  Maggie (D:8)
  Psyche (D:10)
  2 trolls (D:10)
  A hellwing (D:9)
  A shadow (D:10)
  Sigmund (D:5)
  A wyvern (D:10)
  16 yaks
  2 steam dragons
  An acid dragon (D:9)
  An ice beast (D:6)
  5 orc warriors
  A black bear (D:6)
  5 centaurs
  An ogre (D:9)
  A kobold brigand (D:6)
  Blork the orc (D:5)
  4 bullfrogs
  3 scorpions
  4 wights (D:8)
  5 howler monkeys
  2 jellies
  Crazy Yiuf (D:6)
  3 hounds
  7 orc priests
  2 sleepcaps (D:6)
  Terence (D:2)
  6 iguanas
  12 orc wizards
  3 gnolls
  10 adders
  4 shadow imps
  2 white imps
  2 ufetubi
  2 worms
  4 dart slugs
  43 orcs
  8 endoplasms
  6 giant cockroaches
  10 goblins
  8 hobgoblins
  6 jackals
  14 kobolds
  4 quokkas
  10 ball pythons
  6 bats
  3 frilled lizards
  9 rats
254 creatures vanquished.

Vanquished Creatures (collateral kills)
  A hellwing (D:9)
  4 orc warriors
  A gnoll sergeant (D:7)
  A wight (D:8)
  2 gnolls
  10 orcs
  2 kobolds (D:6)
21 creatures vanquished.

Vanquished Creatures (others)
  4 dancing weapons
  An orc wizard (D:10)
  8 withered plants (D:9)
13 creatures vanquished.

Grand Total: 288 creatures vanquished

Notes
Turn   | Place    | Note
-------+----------+-------------------------------------------
     0 | D:1      | Anamonty the Vampire Enchanter began the quest for the Orb.
     0 | D:1      | Reached XP level 1. HP: 13/13 MP: 3/3
   108 | D:1      | Reached XP level 2. HP: 14/19 MP: 5/5
   270 | D:1      | Learned a level 2 spell: Ensorcelled Hibernation
   442 | D:1      | Reached skill level 5 in Stealth
   627 | D:2      | Gained mutation: You are afflicted with vampirism and can
                  | become a bat while bloodless. [Vampire growth]
   627 | D:2      | Reached XP level 3. HP: 24/24 MP: 6/6
   634 | D:2      | Reached skill level 5 in Hexes
   732 | D:2      | Noticed Terence
   742 | D:2      | Killed Terence
   743 | D:2      | Reached XP level 4. HP: 30/30 MP: 4/7
  1579 | D:3      | Reached skill level 6 in Stealth
  1690 | D:3      | Reached XP level 5. HP: 32/35 MP: 1/8
  2685 | D:4      | Identified the +0 leather armour "Xufan" {Contam Harm
                  | Rampage Int+3}
  2807 | D:4      | Learned a level 3 spell: Tukima's Dance
  2811 | D:4      | Learned a level 3 spell: Confusing Touch
  2975 | D:4      | Reached skill level 1 in Fighting
  3119 | D:4      | Reached XP level 6. HP: 42/43 MP: 10/10
  3469 | D:4      | Identified the +10 spear "Jiogrir" {protect, rN+ Will-
                  | Int+3}
  3730 | D:4      | Reached skill level 7 in Stealth
  4113 | D:5      | Entered Level 5 of the Dungeon
  4116 | D:5      | Reached XP level 7. HP: 48/48 MP: 11/11
  4644 | D:5      | Reached skill level 8 in Stealth
  4669 | D:5      | Noticed Blork the orc
  4677 | D:5      | Killed Blork the orc
  4814 | D:5      | Noticed Sigmund
  4820 | D:5      | Killed Sigmund
  4821 | D:5      | Reached XP level 8. HP: 57/57 MP: 13/13
  4922 | D:5      | Found a sparkling altar of Nemelex Xobeh.
  4923 | D:5      | Found a bloodstained altar of Trog.
  4927 | D:5      | Found a broken altar of Ashenzari.
  4928 | D:5      | Found an ancient bone altar of Kikubaaqudgha.
  5270 | D:6      | Reached skill level 9 in Stealth
  5456 | D:6      | Found a staircase to the Ecumenical Temple.
  5473 | D:6      | Reached skill level 10 in Stealth
  5554 | Temple   | Entered the Ecumenical Temple
  5594 | Temple   | Became a worshipper of Gozag Ym Sagoz the Greedy
  5670 | D:6      | Found a hazy altar of Hepliaklqana.
  5695 | D:6      | Reached skill level 5 in Dodging
  5695 | D:6      | Reached XP level 9. HP: 64/64 MP: 15/15
  5778 | D:6      | Found a runed translucent door.
  5779 | D:6      | Noticed Crazy Yiuf
  6315 | D:6      | Killed Crazy Yiuf
  6515 | D:6      | Reached skill level 10 in Hexes
  6713 | D:7      | Reached skill level 11 in Stealth
  6781 | D:7      | Reached skill level 5 in Short Blades
  6873 | D:7      | Found a flagged portal.
  6879 | Bailey   | Entered a bailey
  7981 | D:8      | Reached skill level 5 in Spellcasting
  8003 | D:8      | Noticed Maggie
  8010 | D:8      | Killed Maggie
  8108 | D:8      | Reached skill level 12 in Stealth
  8144 | D:8      | Noticed a two-headed ogre
  8166 | D:8      | Killed a two-headed ogre
  8167 | D:8      | Reached XP level 10. HP: 69/73 MP: 12/17
  9061 | D:9      | Reached skill level 13 in Stealth
  9211 | D:9      | Reached skill level 5 in Fighting
  9455 | D:9      | Noticed a two-headed ogre
  9481 | D:9      | Killed a two-headed ogre
  9482 | D:9      | Reached XP level 11. HP: 66/80 MP: 9/19
  9505 | D:9      | Reached skill level 14 in Stealth
 10214 | D:10     | Entered Level 10 of the Dungeon
 10245 | D:10     | Noticed Psyche
 10256 | D:10     | Killed Psyche
 10534 | D:10     | Noticed Nergalle
 10574 | D:10     | Slain by a spectral orc

Illustrated notes

Levels and vault maps discovered:
D:1:      dpeg_arrival_stone_temple_mockup, layout_rooms
D:2:      layout_basic, minmay_pentomino_x2, uniq_terence
D:3:      layout_loops_corners, serial_forest, infiniplex_forest_end_2,
          infiniplex_forest_diagonal, infiniplex_forest_end_1,
          infiniplex_forest_end_3, infiniplex_forest_end_3,
          infiniplex_forest_lined_corner, infiniplex_forest_corner_1,
          infiniplex_forest_lined_1, minmay_mini_jars
D:4:      layout_basic, minmay_between
D:5:      layout_loops_cross, grunt_temple_overflow_open, uniq_blork_the_orc,
          uniq_sigmund
D:6:      layout_loops_corners, mainiacjoe_overflow_boulevard,
          minmay_temple_entry_waves, uniq_crazy_yiuf_cottage
D:7:      layout_cave_pools, enter_bailey_3
D:8:      layout_rooms, eino_small_chamber_without_monster, uniq_maggie
D:9:      cheibrodos_grave_circle, layout_long_grid, grunt_ogre_cave
D:10:     minmay_angry_zag, layout_basic, serial_shops, nicolae_lakefront_shop,
          uniq_psyche, uniq_nergalle
Temple:   sentei_temple_godly_chess

Skill      XL: |  1  2  3  4  5  6  7  8  9 10 11 |
---------------+----------------------------------+-----
Stealth        | 5 6 7 8 10 12 13 14 | 14.8
Hexes          | 5 6 7 8 9 11 12 13 | 13.7
Short Blades   | 2 3 4 5 6 7 |  7.1
Dodging        | 3 4 5 6 7 |  7.4
Fighting       | 1 2 3 4 5 |  5.6
Spellcasting   | 3 4 5 6 |  6.3

Action                     |  1- 3 |  4- 6 |  7- 9 | 10-12 || total
---------------------------+-------+-------+-------+-------++-------
  Melee: Dagger            |    92 |   213 |   304 |   213 ||   822
         Bite              |     9 |    19 |    41 |    40 ||   109
         Punch             |     1 |     1 |     5 |     6 ||    13
   Cast: Ensorcelled Hiber |     3 |    24 |    42 |    28 ||    97
         Confusing Touch   |       |     1 |    14 |    18 ||    33
         Tukima's Dance    |       |       |    33 |    14 ||    47
    Use: Potion            |       |       |     5 |     3 ||     8
         Scroll            |       |       |     9 |     5 ||    14
   Stab: Sleeping          |    11 |    31 |    43 |    21 ||   106
         Confused          |       |     1 |     6 |    14 ||    21
         Invisible         |       |       |     3 |     1 ||     4
         Distracted        |       |       |     1 |     2 ||     3
 Armour: Robe              |    15 |    29 |    33 |    57 ||   134
  Dodge: Dodged            |    47 |   122 |   211 |   176 ||   556

Table legend: (Time is in decaauts)
 A = Elapsed time spent in this place.
 B = Non-inter-level travel time spent in this place.
 C = Inter-level travel time spent in this place.
 D = Time resting spent in this place.
 E = Time spent auto-exploring this place.
 F = Levels seen in this place.
 G = Mean time per level.
                   A        B        C        D        E       F      G
               +--------+--------+--------+--------+--------+-----+--------+
         Total |  10429 |  10164 |    265 |      0 |   7861 |  12 |  869.1 |
       Dungeon |   9733 |   9474 |    259 |      0 |   7322 |  10 |  973.3 |
        Temple |     50 |     44 |      6 |      0 |     39 |   1 |   50.0 |
        Bailey |    645 |    645 |      0 |      0 |    499 |   1 |  645.0 |
               +--------+--------+--------+--------+--------+-----+--------+

Top non-repeatable levels by time:
     D:4: 1637 daAuts
     D:6: 1440 daAuts
     D:3: 1365 daAuts
     D:9: 1361 daAuts
     D:8: 829 daAuts
     D:5: 769 daAuts
     D:7: 707 daAuts
     D:2: 667 daAuts
  Bailey: 645 daAuts
     D:1: 618 daAuts
    D:10: 337 daAuts
  Temple: 50 daAuts
